Workbook
Name Данные: [1]Тестовый!$F$10:$H$14

Sheet ЛСР
R1: Приложение №
R2: к Договору подряда №
B3: ПОДРЯДЧИК: | D3: ЗАКАЗЧИК: | P3: ТЕХНИЧЕСКИЙ ЗАКАЗЧИК:
B6: ___________/ | D6: ___________/С.И. Ярков | P6: ___________/С.И. Ярков
E8: Локальный сметный расчет №2
E9: Устройство системы домофонии. ГП-75
A11: № | B11: Наименование | C11: Марка | D11: Характеристика | E11: Ед. изм. | F11: 75.1 | G11: 75.2 | H11: 75.3 | I11: 75.4 | J11: 75.5 | K11: 75.6 | L11: 75.7 | M11: 75.8 | N11: Кол-во | O11: Цена | P11: Сумма | Q11: Примечание | R11: Форма закупа материала
A12: 11 | B12: Внутренние инженерные сети
A13: 11.11 | B13: Устройство домофонии
A14: 11.11.01 | B14: Прокладка КПП, трубы
A15: 11.11.01.00. | B15: общее кол-во на этажах | P15: =P16+P19 -> 0
B16: Работа: | P16: =SUM(P17:P18) -> 0
B17: Прокладка КПП | E17: м | F17: =SUM(F20:F25) -> 3729.5 | G17: =SUM(G20:G25) -> 2996 | H17: =SUM(H20:H25) -> 3500 | I17: =SUM(I20:I25) -> 1586.6 | J17: =SUM(J20:J25) -> 1601 | K17: =SUM(K20:K25) -> 3599.4 | L17: =SUM(L20:L25) -> 2945 | M17: =SUM(M20:M25) -> 3010.4 | N17: =SUM(F17:M17) -> 22967.9 | O17: =работа!O17 -> 0 | P17: =O17*N17 -> 0
B18: Прокладка трубы | E18: м | F18: =SUM(F26:F30) -> 2959.6 | G18: =SUM(G26:G30) -> 2356.5 | H18: =SUM(H26:H30) -> 2881.3 | I18: =SUM(I26:I30) -> 1110.4 | J18: =SUM(J26:J30) -> 1204.8 | K18: =SUM(K26:K30) -> 2980.7 | L18: =SUM(L26:L30) -> 2340.5 | M18: =SUM(M26:M30) -> 2387.8 | N18: =SUM(F18:M18) -> 18221.6 | O18: =работа!O18 -> 0 | P18: =O18*N18 -> 0
B19: Материалы: | P19: =SUM(P20:P31) -> 0
B20: Кабель тип 1 | D20: Кабель витая пара U/UTP U/U-5e-BC04-048-PVC-GR-305-RQcat. 5E 4х2х0.48 мм, для внутренней прокладки, одножильный, PVC. | E20: м. | F20: 3292.5 | G20: 2645 | H20: 3196 | I20: 1297.6 | J20: 1312 | K20: 3237.4 | L20: 2536 | M20: 2518.4 | N20: =SUM(F20:M20) -> 20034.9 | O20: =материал!O14 -> 0 | P20: =O20*N20 -> 0
B21: Кабель тип 2 | D21: Кабель силовой ВВГнг(А)-LS 3х2.5 сечение жилы 2.5 мм², количество жил: 3 шт., номинальное напряжение: 660В. | E21: м. | F21: 35 | G21: 17 | H21: 30 | I21: 25 | J21: 15 | K21: 28 | L21: 15 | M21: 30 | N21: =SUM(F21:M21) -> 195 | O21: =материал!O15 -> 0 | P21: =O21*N21 -> 0
B22: Кабель тип 3 | D22: Кабель монтажный МКШнг(А)-LS 2х0.75 2х жильный, не распротраняющий горение при прокладке в пучке, с нормиованным дымовыделением, конструкция жилы многопроволочная, напряжение 500В. | E22: м. | F22: 152 | G22: 152 | H22: 152 | I22: 152 | J22: 152 | K22: 152 | L22: 152 | M22: 152 | N22: =SUM(F22:M22) -> 1216 | O22: =материал!O16 -> 0 | P22: =O22*N22 -> 0
B23: Кабель тип 4 | D23: Сигнальный кабель КСПВГ 4х0,20 гибкий, 4 жилы медь, ПВХ. | E23: м. | F23: 40 | G23: 32 | H23: 32 | I23: 32 | J23: 32 | K23: 32 | L23: 32 | M23: 40 | N23: =SUM(F23:M23) -> 272 | O23: =материал!O17 -> 0 | P23: =O23*N23 -> 0
B24: Кабель тип 5 | D24: Кабель витая пара U/UTP BC1-C5E04-128-305-G cat. 5E 4х2х0.48 мм, для внутренней прокладки, одножильный, LSZH. | E24: м. | F24: 0 | G24: 0 | H24: 0 | I24: 80 | J24: 0 | K24: 0 | L24: 0 | M24: 0 | N24: =SUM(F24:M24) -> 80 | O24: =материал!O18 -> 0 | P24: =O24*N24 -> 0
B25: Кабель тип 6 | D25: Кабель оптический ОКСЛНГ(А)-HF-М2П-А4-2.7 негорючий, для прокладки в канализацию, 4 одномод. волокона G.652.D/G.657.A. | E25: м. | F25: 210 | G25: 150 | H25: 90 | I25: 0 | J25: 90 | K25: 150 | L25: 210 | M25: 270 | N25: =SUM(F25:M25) -> 1170 | O25: =материал!O19 -> 0 | P25: =O25*N25 -> 0
B26: Труба тип 1 | D26: Труба гофрированная ПВХ CTG20-20-K41-100I д.20мм с протяжкой | E26: м. | F26: 405 | G26: 327 | H26: 280 | I26: 185 | J26: 265 | K26: 338 | L26: 385 | M26: 460 | N26: =SUM(F26:M26) -> 2645 | O26: =материал!O20 -> 0 | P26: =O26*N26 -> 0
B27: Труба тип 2 | D27: Труба ПНД гладкая жесткая tpndg-20 д.20мм., черная | E27: м. | F27: 8 | G27: 8 | H27: 8 | I27: 8 | J27: 8 | K27: 8 | L27: 8 | M27: 8 | N27: =SUM(F27:M27) -> 64 | O27: =материал!O21 -> 0 | P27: =O27*N27 -> 0
B28: Труба тип 3 | D28: Труба гофрированная ПП (артикул 15-0505) д.4,6мм., разрезная, бухтa 5 м/уп. | E28: м. | F28: 1.5 | G28: 1.2 | H28: 1.2 | I28: 1.2 | J28: 1.2 | K28: 1.2 | L28: 1.2 | M28: 1.5 | N28: =SUM(F28:M28) -> 10.2 | O28: =материал!O22 -> 0 | P28: =O28*N28 -> 0
B29: Труба тип 4 | D29: Гофрированная труба ПНД D16мм. PR02.0122 лёгкая 350 Н безгалогенная HF стойкая к ультрафиолету черная с/з | E29: м. | F29: 2506 | G29: 1988 | H29: 2553 | I29: 885.6 | J29: 900 | K29: 2594.4 | L29: 1914 | M29: 1889.4 | N29: =SUM(F29:M29) -> 15230.4 | O29: =материал!O23 -> 0 | P29: =O29*N29 -> 0
B30: Труба тип 5 | D30: Труба гофрированная ПВХ D-25мм CTG20-25-K41-050I с зондом | E30: м. | F30: 39.1 | G30: 32.3 | H30: 39.1 | I30: 30.6 | J30: 30.6 | K30: 39.1 | L30: 32.3 | M30: 28.9 | N30: =SUM(F30:M30) -> 272 | O30: =материал!O24 -> 0 | P30: =O30*N30 -> 0
B31: Прочие материалы: | P31: =SUM(P32:P44) -> 0
B32: Дюбель с шурупом 8х50 (артикул 102310) диаметр отверстия под дюбель 8мм. | E32: шт. | F32: 4 | G32: 4 | H32: 4 | I32: 0 | J32: 4 | K32: 4 | L32: 4 | M32: 4 | N32: =SUM(F32:M32) -> 28 | O32: =материал!O26 -> 0 | P32: =O32*N32 -> 0
B33: Крепежный комплект ITK-HP-15 винт, шайба, гайка.(1 комплект) | E33: шт. | F33: 48 | G33: 48 | H33: 48 | I33: 60 | J33: 48 | K33: 48 | L33: 48 | M33: 48 | N33: =SUM(F33:M33) -> 396 | O33: =материал!O27 -> 0 | P33: =O33*N33 -> 0
B34: Крепеж-клипса PR13.0120 для труб д.20мм., для монтажного пистолета, серая | E34: шт. | F34: 810 | G34: 654 | H34: 560 | I34: 370 | J34: 530 | K34: 676 | L34: 770 | M34: 920 | N34: =SUM(F34:M34) -> 5290 | O34: =материал!O28 -> 0 | P34: =O34*N34 -> 0
B35: Усиленный дюбель-гвоздь 30519stepEGBP по бетону, металлу, кирпичу тип CN 15; диаметр 3.05 мм, длина 19 мм; усиленный, гальванизированный. Упаковка 1000 шт. | E35: шт. | F35: 15574.5 | G35: 12362 | H35: 15050 | I35: 5698 | J35: 5930 | K35: 15373 | L35: 11984 | M35: 12036 | N35: =SUM(F35:M35) -> 94007.5 | O35: =материал!O29 -> 0 | P35: =O35*N35 -> 0
B36: Коробка распределительная (артикул 60-0210) для прямого монтажа двухкомпонентная безгалогенная (HF) 80х80х40 УХЛ1 | E36: шт. | F36: 1 | G36: 1 | H36: 1 | I36: 1 | J36: 1 | K36: 1 | L36: 1 | M36: 1 | N36: =SUM(F36:M36) -> 8 | O36: =материал!O30 -> 0 | P36: =O36*N36 -> 0
B37: Клемма соединительная DIY YOU PCT-2133 контакта, сечение провода 0.75-2.5 мм² | E37: шт. | F37: 3 | G37: 3 | H37: 3 | I37: 3 | J37: 3 | K37: 3 | L37: 3 | M37: 3 | N37: =SUM(F37:M37) -> 24 | O37: =материал!O31 -> 0 | P37: =O37*N37 -> 0
B38: Нейлоновая хомут-стяжка 3,6х200 черный, 100 шт G/1/4 | E38: пч. | F38: 1 | G38: 1 | H38: 1 | I38: 1 | J38: 1 | K38: 1 | L38: 1 | M38: 1 | N38: =SUM(F38:M38) -> 8 | O38: =материал!O32 -> 0 | P38: =O38*N38 -> 0
B39: Дюбель хомут 5х10 дхч510 для крепления кабеля цвет-чёрный | E39: шт. | F39: 1154 | G39: 916 | H39: 892 | I39: 496 | J39: 496 | K39: 892 | L39: 856 | M39: 884 | N39: =SUM(F39:M39) -> 6586 | O39: =материал!O33 -> 0 | P39: =O39*N39 -> 0
B40: Установочная коробка IMT351011 для сплошных стен, размеры 68(65)X60 мм. | E40: шт. | F40: 179 | G40: 142 | H40: 138 | I40: 72 | J40: 72 | K40: 138 | L40: 132 | M40: 134 | N40: =SUM(F40:M40) -> 1007 | O40: =материал!O34 -> 0 | P40: =O40*N40 -> 0
B41: Металлическая однолапковая скоба СМО 25-26 PR08.2536 оцинкованная | E41: шт. | F41: 97.75 | G41: 80.75 | H41: 97.75 | I41: 76.5 | J41: 76.5 | K41: 97.75 | L41: 80.75 | M41: 72.25 | N41: =SUM(F41:M41) -> 680 | O41: =материал!O35 -> 0 | P41: =O41*N41 -> 0
B42: Кабель-канал (артикул 76002-2) самозатухающий ПВХ с крышкой, белый, 100х55х2000мм | E42: м. | F42: 2 | G42: 2 | H42: 2 | I42: 4 | J42: 2 | K42: 2 | L42: 2 | M42: 2 | N42: =SUM(F42:M42) -> 18 | O42: =материал!O36 -> 0 | P42: =O42*N42 -> 0
B43: Наконечник (артикул 79436) НШВИ 0,75-8 | E43: шт. | F43: 48 | G43: 32 | H43: 32 | I43: 32 | J43: 32 | K43: 32 | L43: 32 | M43: 48 | N43: =SUM(F43:M43) -> 288 | O43: =материал!O37 -> 0 | P43: =O43*N43 -> 0
B44: Наконечник (артикул 79462) НШВИ2 0,75-8 | E44: шт. | F44: 36 | G44: 24 | H44: 24 | I44: 24 | J44: 24 | K44: 24 | L44: 24 | M44: 36 | N44: =SUM(F44:M44) -> 216 | O44: =материал!O38 -> 0 | P44: =O44*N44 -> 0
A45: 11.11.02 | B45: Установка оборудования
A46: 11.11.02.00. | B46: Установка оборудования | P46: =P47+P49 -> 0
B47: Работа: | P47: =SUM(P48:P48) -> 0
B48: Установка оборудования | E48: комплекс | F48: 1 | G48: 1 | H48: 1 | I48: 1 | J48: 1 | K48: 1 | L48: 1 | M48: 1 | N48: =SUM(F48:M48) -> 8 | O48: =работа!O22 -> 0 | P48: =O48*N48 -> 0
B49: Материалы: | P49: =SUM(P50:P96) -> 0
B50: Вызывная панель тип 1 | D50: IP Вызывная панель Akuvox R28A IW | E50: шт. | F50: 1 | G50: 1 | H50: 1 | I50: 1 | J50: 1 | K50: 1 | L50: 1 | M50: 1 | N50: =SUM(F50:M50) -> 8 | O50: =материал!O41 -> 0 | P50: =O50*N50 -> 0
B51: Вызывная панель тип 2 | D51: IP Вызывная панель Akuvox X912S TFT LCD сенсорный 4 дюйма, доступ по: распознаванию лица, PIN, NFC, RFID карта, BLE, QR-код, мобильное приложение Smart Plus. (Сенсорная клавиатура) | E51: шт. | F51: 1 | G51: 1 | H51: 1 | I51: 1 | J51: 1 | K51: 1 | L51: 1 | M51: 1 | N51: =SUM(F51:M51) -> 8 | O51: =материал!O42 -> 0 | P51: =O51*N51 -> 0
B52: Терминал контроля доступа тип 1 | D52: IP Терминал СКУД Akuvox A01S доступ по: NFC, RFID карта, мобильное приложение Smart Plus. | E52: шт. | F52: 2 | G52: 2 | H52: 2 | I52: 2 | J52: 2 | K52: 2 | L52: 2 | M52: 2 | N52: =SUM(F52:M52) -> 16 | O52: =материал!O43 -> 0 | P52: =O52*N52 -> 0
B53: Микроволновый радар-детектор DL6 (EAGLE 6) питание 12В, температура эксплуатации -20°С +55°С, максимальная высота установки 3м. | E53: шт. | F53: 2 | G53: 2 | H53: 2 | I53: 2 | J53: 2 | K53: 2 | L53: 2 | M53: 2 | N53: =SUM(F53:M53) -> 16 | O53: =материал!O44 -> 0 | P53: =O53*N53 -> 0
B54: Замок электромагнитный | D54: Электромагнитный замок М2-400 серый 400кг удержания, 12 В/0,4 А, 190х55х35мм, уголок в комплекте, цвет серый, отсек для контроллера Z-5R | E54: шт. | F54: 4 | G54: 4 | H54: 4 | I54: 4 | J54: 4 | K54: 4 | L54: 4 | M54: 4 | N54: =SUM(F54:M54) -> 32 | O54: =материал!O45 -> 0 | P54: =O54*N54 -> 0
B55: Кнопка выхода врезная DR-04 бесконтактная (с ИК датчиком), металлическая, с подсветкой, Н.О./Н.З., 12В, 40мА, -30...+55℃, IP44, 115х70х30 мм | E55: шт. | F55: 2 | G55: 2 | H55: 2 | I55: 2 | J55: 2 | K55: 2 | L55: 2 | M55: 2 | N55: =SUM(F55:M55) -> 16 | O55: =материал!O46 -> 0 | P55: =O55*N55 -> 0
B56: Кнопка выхода накладная DR-03 сенсорная, пластиковая, 12В, контакты Н.О./ Н.З., -40 - +50℃, IP44, 86х50х20мм. | E56: шт. | F56: 2 | G56: 2 | H56: 2 | I56: 2 | J56: 2 | K56: 2 | L56: 2 | M56: 2 | N56: =SUM(F56:M56) -> 16 | O56: =материал!O47 -> 0 | P56: =O56*N56 -> 0
B57: Настенный шкаф 19" LWR3-18U66-MF LINEA W 18U 600х600мм дверь металл серый, тип боковой стенки съемная с замком. | E57: шт. | F57: 1 | G57: 1 | H57: 1 | I57: 0 | J57: 1 | K57: 1 | L57: 1 | M57: 1 | N57: =SUM(F57:M57) -> 7 | O57: =материал!O48 -> 0 | P57: =O57*N57 -> 0
B58: Напольный шкаф 19" (2 двери.)LN05-24U66-M LINEA N 24U 600х600мм металлическая передняя дверь черный, тип боковой стенки съемная с замком. | E58: шт. | F58: 0 | G58: 0 | H58: 0 | I58: 1 | J58: 0 | K58: 0 | L58: 0 | M58: 0 | N58: =SUM(F58:M58) -> 1 | O58: =материал!O49 -> 0 | P58: =O58*N58 -> 0
B59: Коммутатор управляемый L3 OS6112F 12 портов 10G SFP+ | E59: шт. | F59: 0 | G59: 0 | H59: 0 | I59: 1 | J59: 0 | K59: 0 | L59: 0 | M59: 0 | N59: =SUM(F59:M59) -> 1 | O59: =материал!O50 -> 0 | P59: =O59*N59 -> 0
B60: Коммутатор управляемый L3 с PoE OS3228P 24x1000Base-T PoE+, 4x10G SFP+, PoE-бюджет 370 Вт, PoE до 250 м | E60: шт. | F60: 1 | G60: 1 | H60: 1 | I60: 1 | J60: 1 | K60: 1 | L60: 1 | M60: 1 | N60: =SUM(F60:M60) -> 8 | O60: =материал!O51 -> 0 | P60: =O60*N60 -> 0
B61: Кабель прямого подключения XS+DA0001 разъемы SFP28 - SFP28, длина 1м | E61: шт. | F61: 0 | G61: 0 | H61: 0 | I61: 2 | J61: 0 | K61: 0 | L61: 0 | M61: 0 | N61: =SUM(F61:M61) -> 2 | O61: =материал!O52 -> 0 | P61: =O61*N61 -> 0
B62: Маршрутизатор RB4011iGS+RM оснащён 10 гигабитными портами Ethernet и портом SFP+ 10G. | E62: шт. | F62: 0 | G62: 0 | H62: 0 | I62: 1 | J62: 0 | K62: 0 | L62: 0 | M62: 0 | N62: =SUM(F62:M62) -> 1 | O62: =материал!O53 -> 0 | P62: =O62*N62 -> 0
B63: Коммутатор управляемый L2 OS1326 управляемый L2 24x100Base-TX, 1x1000Base-T, 1xCombo 1000Base-T/SFP. | E63: шт. | F63: 1 | G63: 1 | H63: 1 | I63: 1 | J63: 1 | K63: 1 | L63: 1 | M63: 1 | N63: =SUM(F63:M63) -> 8 | O63: =материал!O54 -> 0 | P63: =O63*N63 -> 0
B64: Патч-панель наборная 19" PP24-1UMU 1U, для установки до 24 модулей Keystone. | E64: шт. | F64: 1 | G64: 1 | H64: 1 | I64: 1 | J64: 1 | K64: 1 | L64: 1 | M64: 1 | N64: =SUM(F64:M64) -> 8 | O64: =материал!O55 -> 0 | P64: =O64*N64 -> 0
B65: Модуль Keystone CS1-1C5EU-12 Модуль Keystone Jack кат.5E UTP 110 IDC 180град | E65: шт. | F65: 24 | G65: 24 | H65: 24 | I65: 24 | J65: 24 | K65: 24 | L65: 24 | M65: 24 | N65: =SUM(F65:M65) -> 192 | O65: =материал!O56 -> 0 | P65: =O65*N65 -> 0
B66: Блок розеток 19" TLК-RS07M-C25-BK горизонтальный, 7 розеток Schuko, автоматический выключатель 25A. | E66: шт. | F66: 1 | G66: 1 | H66: 1 | I66: 1 | J66: 1 | K66: 1 | L66: 1 | M66: 1 | N66: =SUM(F66:M66) -> 8 | O66: =материал!O57 -> 0 | P66: =O66*N66 -> 0
... B79: Оптический кросс 19" SNR-ODF-24R-8SC-P 1U, укомплектованный на 8 портов SC/UPC. | E79: шт. | F79: 1 | G79: 1 | H79: 1 | I79: 0 | J79: 1 | K79: 1 | L79: 1 | M79: 1 | N79: =SUM(F79:M79) -> 7 | O79: =материал!O70 -> 0 | P79: =O79*N79 -> 0
B80: Оптический кросс 19" SNR-ODF-24R-16SC-P 1U, укомплектованный на 16 портов SC/UPC. | E80: шт. | I80: 1 | N80: =SUM(F80:M80) -> 1 | O80: =материал!O71 -> 0 | P80: =O80*N80 -> 0
B81: Шнур волоконно-оптический NMF-PC1S2C2-SCU-LCU-001 одномодовый 9/125мкм, стандарта OS2, SC/UPC-LC/UPC, одинарный, LSZH нг(A)-HFLTx, 2мм, желтый, 1м. | E81: шт. | F81: 2 | G81: 2 | H81: 2 | I81: 2 | J81: 2 | K81: 2 | L81: 2 | M81: 2 | N81: =SUM(F81:M81) -> 16 | O81: =материал!O72 -> 0 | P81: =O81*N81 -> 0
B82: Одноволоконный оптический модуль 10GB OFM436XT-BXD WDM трансивер SFP+ 10GBase-BX-D, Tx:1330 нм, Rx:1270 нм, одномод, до 20 км | E82: шт. | F82: 1 | G82: 1 | H82: 1 | I82: 0 | J82: 1 | K82: 1 | L82: 1 | M82: 1 | N82: =SUM(F82:M82) -> 7 | O82: =материал!O73 -> 0 | P82: =O82*N82 -> 0
B83: Одноволоконный оптический модуль 10GB OFM436XT-BXU WDM трансивер SFP+ 10GBase-BX-U, Tx:1270 нм, Rx:1330 нм, одномод, до 20 км | E83: шт. | F83: 1 | G83: 1 | H83: 1 | I83: 0 | J83: 1 | K83: 1 | L83: 1 | M83: 1 | N83: =SUM(F83:M83) -> 7 | O83: =материал!O74 -> 0 | P83: =O83*N83 -> 0
B84: Реле HHC68A-4Z-12D 12VDC/10A/240VAC 4PDT (4 переключения) | E84: шт. | F84: 1 | G84: 1 | H84: 1 | I84: 1 | J84: 1 | K84: 1 | L84: 1 | M84: 1 | N84: =SUM(F84:M84) -> 8 | O84: =материал!O75 -> 0 | P84: =O84*N84 -> 0
B85: Колодка реле PTF14A на DIN-рейку (4 переключения) | E85: шт. | F85: 1 | G85: 1 | H85: 1 | I85: 1 | J85: 1 | K85: 1 | L85: 1 | M85: 1 | N85: =SUM(F85:M85) -> 8 | O85: =материал!O76 -> 0 | P85: =O85*N85 -> 0
B86: Коммутатор тип 1 | D86: Тюменский коммутатор с защитой коммутации Т1008 8*10/100M PoE 120Вт IEEE 802.3af/at,+2*10/100M uplink RJ45. | E86: шт. | F86: 22 | G86: 19 | H86: 23 | I86: 0 | J86: 0 | K86: 23 | L86: 19 | M86: 17 | N86: =SUM(F86:M86) -> 123 | O86: =материал!O77 -> 0 | P86: =O86*N86 -> 0
B87: Коммутатор тип 2 | D87: Тюменский коммутатор с защитой коммутации Т1004 4*10/100M PoE 60Вт IEEE 802.3af/at,+2*10/100M uplink RJ45. | E87: шт. | F87: 1 | G87: 0 | H87: 0 | I87: 19 | J87: 18 | K87: 0 | L87: 0 | M87: 0 | N87: =SUM(F87:M87) -> 38 | O87: =материал!O78 -> 0 | P87: =O87*N87 -> 0
B88: Монитор | D88: IP монитор Akuvox S562 7-дюймовый сенсорный TFT LCD 1024x600 | E88: шт. | F88: 179 | G88: 142 | H88: 138 | I88: 72 | J88: 72 | K88: 138 | L88: 132 | M88: 134 | N88: =SUM(F88:M88) -> 1007 | O88: =материал!O79 -> 0 | P88: =O88*N88 -> 0
B89: Бесконтактный брендированный ключ RFID чип SMARTTAG, кодировка для Akuvox, адаптация реестра UID и клиента для загрузки шаблоном в БД, нумерация ключа строго по базе, стикер с номером квартир на каждом ключе | E89: шт. | F89: 537 | G89: 426 | H89: 414 | I89: 216 | J89: 216 | K89: 414 | L89: 396 | M89: 402 | N89: =SUM(F89:M89) -> 3021 | O89: =материал!O80 -> 0 | P89: =O89*N89 -> 0
B90: Лента оцинкованная (артикул 43749) 20х0.5мм (упаковка 50м.) | E90: м. | F90: 628.9 | G90: 499.4 | H90: 640.65 | I90: 223.8 | J90: 227.4 | K90: 651 | L90: 480.9 | M90: 474.75 | N90: =SUM(F90:M90) -> 3826.8 | O90: =материал!O81 -> 0 | P90: =O90*N90 -> 0
B91: Встраиваемый 4G роутер c LTE модемом TANDEM-4G12-OEM-1 Cat.12, PoE и Gigabit Ethernet, питание по стандарту IEEE 802.3af PoE PD и пассивный Passive 48В. | E91: шт. | F91: 0 | G91: 0 | H91: 0 | I91: 1 | J91: 0 | K91: 0 | L91: 0 | M91: 0 | N91: =SUM(F91:M91) -> 1 | O91: =материал!O82 -> 0 | P91: =O91*N91 -> 0
B92: Панельная антенна AGATA-2 MIMO 4x4 BOX (Выход с PG7) с герметичным боксом для 3G/4G модема (Выход с PG7) | E92: шт. | F92: 0 | G92: 0 | H92: 0 | I92: 1 | J92: 0 | K92: 0 | L92: 0 | M92: 0 | N92: =SUM(F92:M92) -> 1 | O92: =материал!O83 -> 0 | P92: =O92*N92 -> 0
B93: Кронштейн для установки антенн (артикул 34-0861) выполнен в Г-образной форме. | E93: шт. | F93: 0 | G93: 0 | H93: 0 | I93: 1 | J93: 0 | K93: 0 | L93: 0 | M93: 0 | N93: =SUM(F93:M93) -> 1 | O93: =материал!O84 -> 0 | P93: =O93*N93 -> 0
B94: Устройство мониторинга за состоянием сетевых инфраструктур Super Vision (P) до 1000 IP-устройств. | E94: шт. | F94: 0 | G94: 0 | H94: 0 | I94: 2 | J94: 0 | K94: 0 | L94: 0 | M94: 0 | N94: =SUM(F94:M94) -> 2 | O94: =материал!O85 -> 0 | P94: =O94*N94 -> 0
B95: Коммутационный шнур PC08-C5EUL-1M5-SL-WT Коммутационный шнур (патч-корд) кат.5E UTP LSZH 1,5м slim колпачок с язычком белый | E95: шт. | F95: 0 | G95: 0 | H95: 0 | I95: 2 | J95: 0 | K95: 0 | L95: 0 | M95: 0 | N95: =SUM(F95:M95) -> 2 | O95: =материал!O86 -> 0 | P95: =O95*N95 -> 0
B96: Прочие материалы: | P96: =SUM(P97:P104) -> 0
B97: Комплект для врезного монтажа вызывной панели Akuvox R28A IW | E97: шт. | F97: 1 | G97: 1 | H97: 1 | I97: 1 | J97: 1 | K97: 1 | L97: 1 | M97: 1 | N97: =SUM(F97:M97) -> 8 | O97: =материал!O88 -> 0 | P97: =O97*N97 -> 0
B98: Комплект для врезного монтажа вызывной панели X912S | E98: шт. | F98: 1 | G98: 1 | H98: 1 | I98: 1 | J98: 1 | K98: 1 | L98: 1 | M98: 1 | N98: =SUM(F98:M98) -> 8 | O98: =материал!O89 -> 0 | P98: =O98*N98 -> 0
B99: Резьбовая усиленная шпилька GTR-6881000 8x1000 цинк, DIN 975, класс прочности 6,8 | E99: шт. | F99: 2.4 | G99: 2.4 | H99: 2.4 | I99: 2.4 | J99: 2.4 | K99: 2.4 | L99: 2.4 | M99: 2.4 | N99: =SUM(F99:M99) -> 19.2 | O99: =материал!O90 -> 0 | P99: =O99*N99 -> 0
B100: Самоконтрящаяся гайка с фланцем нейлон ZA518552М8 8.0 DIN 6926 оц. | E100: шт. | F100: 16 | G100: 16 | H100: 16 | I100: 16 | J100: 16 | K100: 16 | L100: 16 | M100: 16 | N100: =SUM(F100:M100) -> 128 | O100: =материал!O91 -> 0 | P100: =O100*N100 -> 0
B101: Квадратный подрозетник A01-86 для кирпича и бетона/для сплошных стен, размер 86x84x50мм. | E101: шт. | F101: 2 | G101: 2 | H101: 2 | I101: 2 | J101: 2 | K101: 2 | L101: 2 | M101: 2 | N101: =SUM(F101:M101) -> 16 | O101: =материал!O92 -> 0 | P101: =O101*N101 -> 0
B102: Коннектор EC-UP8P8C-5E-003-TR-1000 RJ45/8P8C, категория 5e | E102: шт. | F102: 389 | G102: 311 | H102: 307 | I102: 172 | J102: 170 | K102: 307 | L102: 291 | M102: 293 | N102: =SUM(F102:M102) -> 2240 | O102: =материал!O93 -> 0 | P102: =O102*N102 -> 0
B103: Заклепка резьбовая CN10 шестигранная с плоским бортом М6 L15,0 | E103: шт. | F103: 8 | G103: 8 | H103: 8 | I103: 8 | J103: 8 | K103: 8 | L103: 8 | M103: 8 | N103: =SUM(F103:M103) -> 64 | O103: =материал!O94 -> 0 | P103: =O103*N103 -> 0
B104: Болт М6х25 (артикул 3100548) оцинкованный с внутренним шестигранником, класс прочности 8.8, DIN 912 | E104: шт. | F104: 8 | G104: 8 | H104: 8 | I104: 8 | J104: 8 | K104: 8 | L104: 8 | M104: 8 | N104: =SUM(F104:M104) -> 64 | O104: =материал!O95 -> 0 | P104: =O104*N104 -> 0
A105: 11.11.03 | B105: Вертикальные стояки
A106: 11.11.03.00. | B106: Вертикальные стояки | P106: =P107+P110 -> 0
B107: Работа: | P107: =SUM(P108:P109) -> 0
B108: Прокладка КПП | E108: м | F108: =SUM(F111:F112) -> 1092.6 | G108: =SUM(G111:G112) -> 989.8 | H108: =SUM(H111:H112) -> 1141.8 | I108: =SUM(I111:I112) -> 817.8 | J108: =SUM(J111:J112) -> 798.8 | K108: =SUM(K111:K112) -> 1165.8 | L108: =SUM(L111:L112) -> 1069.8 | M108: =SUM(M111:M112) -> 638.4 | N108: =SUM(F108:M108) -> 7714.8 | O108: =работа!O26 -> 0 | P108: =O108*N108 -> 0
B109: Прокладка трубы | E109: м | F109: =SUM(F113:F115) -> 181.6 | G109: =SUM(G113:G115) -> 172.8 | H109: =SUM(H113:H115) -> 183.8 | I109: =SUM(I113:I115) -> 153.8 | J109: =SUM(J113:J115) -> 151.8 | K109: =SUM(K113:K115) -> 185.8 | L109: =SUM(L113:L115) -> 180.8 | M109: =SUM(M113:M115) -> 136.4 | N109: =SUM(F109:M109) -> 1346.8 | O109: =работа!O27 -> 0 | P109: =O109*N109 -> 0
B110: Материалы: | P110: =SUM(P111:P116) -> 0
B111: Кабель тип 1 | D111: Витая пара U/UTP BC1-C5E02-128-305-G cat. 5E 2х2х0.48 мм, для внутренней прокладки, одножильный, LSZH. | E111: м. | F111: 989 | G111: 893 | H111: 1035 | I111: 729 | J111: 711 | K111: 1058 | L111: 969 | M111: 561 | N111: =SUM(F111:M111) -> 6945 | O111: =материал!O97 -> 0 | P111: =O111*N111 -> 0
B112: Кабель тип 2 | D112: Кабель силовой ВВГнг(А)-LS 3х2.5 сечение жилы 2.5 мм², количество жил: 3 шт., номинальное напряжение: 660В. | E112: м. | F112: 103.6 | G112: 96.8 | H112: 106.8 | I112: 88.8 | J112: 87.8 | K112: 107.8 | L112: 100.8 | M112: 77.4 | N112: =SUM(F112:M112) -> 769.8 | O112: =материал!O98 -> 0 | P112: =O112*N112 -> 0
B113: Труба тип 1 | D113: Труба гофрированная ПВХ CTG20-20-K41-100I д.20мм с протяжкой | E113: м. | F113: 103.6 | G113: 96.8 | H113: 106.8 | I113: 88.8 | J113: 87.8 | K113: 107.8 | L113: 100.8 | M113: 77.4 | N113: =SUM(F113:M113) -> 769.8 | O113: =материал!O99 -> 0 | P113: =O113*N113 -> 0
B114: Труба тип 2 | D114: Труба ПВХ гладкая жесткая CTR10-050-K41-015I д.50мм. серая (3м), толщина стенки 2мм. | E114: м. | F114: 72 | G114: 60 | H114: 72 | I114: 57 | J114: 57 | K114: 72 | L114: 60 | M114: 54 | N114: =SUM(F114:M114) -> 504 | O114: =материал!O100 -> 0 | P114: =O114*N114 -> 0
B115: Труба тип 3 | D115: Труба гофрированная ПВХ Plast tg-z-50 д.50мм тяжелая с протяжкой | E115: м. | F115: 6 | G115: 16 | H115: 5 | I115: 8 | J115: 7 | K115: 6 | L115: 20 | M115: 5 | N115: =SUM(F115:M115) -> 73 | O115: =материал!O101 -> 0 | P115: =O115*N115 -> 0
B116: Прочие материалы: | P116: =SUM(P117:P122) -> 0
...

Sheet работа
R1: Приложение №
R2: к Договору подряда №
B3: ПОДРЯДЧИК: | D3: ЗАКАЗЧИК: | P3: ТЕХНИЧЕСКИЙ ЗАКАЗЧИК:
B6: ___________/ | D6: ___________/С.И. Ярков | P6: ___________/С.И. Ярков
E8: Ведомость работ
E9: Устройство системы домофонии. ГП-75
A11: № | B11: Наименование | C11: Марка | D11: Характеристика | E11: Ед. изм. | F11: 75.1 | G11: 75.2 | H11: 75.3 | I11: 75.4 | J11: 75.5 | K11: 75.6 | L11: 75.7 | M11: 75.8 | N11: Кол-во | O11: Цена | P11: Сумма | Q11: Примечание | R11: Форма закупа материала
A12: 11 | B12: Внутренние инженерные сети
A13: 11.11 | B13: Устройство домофонии
A14: 11.11.01 | B14: Прокладка КПП, трубы
A15: 11.11.01.00. | B15: общее кол-во на этажах
B16: Работа:
B17: Прокладка КПП | E17: м | F17: 3729.5 | G17: 2996 | H17: 3500 | I17: 1586.6 | J17: 1601 | K17: 3599.4 | L17: 2945 | M17: 3010.4 | N17: =SUM(F17:M17) -> 22967.9 | P17: =O17*N17 -> 0
B18: Прокладка трубы | E18: м | F18: 2959.6 | G18: 2356.5 | H18: 2881.3 | I18: 1110.4 | J18: 1204.8 | K18: 2980.7 | L18: 2340.5 | M18: 2387.8 | N18: =SUM(F18:M18) -> 18221.6 | P18: =O18*N18 -> 0
A19: 11.11.02 | B19: Установка оборудования
A20: 11.11.02.00. | B20: Установка оборудования
B21: Работа:
B22: Установка оборудования | E22: комплекс | F22: 1 | G22: 1 | H22: 1 | I22: 1 | J22: 1 | K22: 1 | L22: 1 | M22: 1 | N22: =SUM(F22:M22) -> 8 | P22: =O22*N22 -> 0
A23: 11.11.03 | B23: Вертикальные стояки
A24: 11.11.03.00. | B24: Вертикальные стояки
B25: Работа:
B26: Прокладка КПП | E26: м | F26: 1092.6 | G26: 989.8 | H26: 1141.8 | I26: 817.8 | J26: 798.8 | K26: 1165.8 | L26: 1069.8 | M26: 638.4 | N26: =SUM(F26:M26) -> 7714.8 | P26: =O26*N26 -> 0
B27: Прокладка трубы | E27: м | F27: 181.6 | G27: 172.8 | H27: 183.8 | I27: 153.8 | J27: 151.8 | K27: 185.8 | L27: 180.8 | M27: 136.4 | N27: =SUM(F27:M27) -> 1346.8 | P27: =O27*N27 -> 0
A28: 11.11.04 | B28: ПНР
A29: 11.11.04.00. | B29: ПНР
B30: Работа:
B31: Пусконаладочные работы | E31: комплекс | F31: 1 | G31: 1 | H31: 1 | I31: 1 | J31: 1 | K31: 1 | L31: 1 | M31: 1 | N31: =SUM(F31:M31) -> 8 | P31: =O31*N31 -> 0
B32: Итого РАБОТ | P32: =SUM(P16:P31) -> 0
B34: Примечание:
A35: - | B35: В случае, если один из перечисленных прочих материалов не был использован по факту при производстве работ, заказчик вправе откорректировать процент расходных материалов в актах выполненных работ (формы КС-2, КС-3), уменьшив на сумму исключенного материала.
A36: - | B36: Стоимость СМР учитывает - затраты на все второстепенные материалы и работы необходимые для осуществления полного комплекса работ, включая затраты: обеспечение технической водой для производства работ и бытовых целей; на мобилизацию, аренду и эксплуатацию всех необходимых механизмов, оборудования и инструментов, бытовых помещений и биотуалетов; на подъем материалов и разноску по этажам к местам производства работ; выполнение сопутствующих работ; вывоз мусора; накладные расходы, прибыль организации, налоги и иные издержки Подрядчика. Обеспечение безопасного производства работ на участке.
A37: - | B37: Стоимость материалов учитывает стоимость доставки.

Sheet материал
R1: Приложение №
R2: к Договору подряда №
B3: ПОДРЯДЧИК: | D3: ЗАКАЗЧИК: | P3: ТЕХНИЧЕСКИЙ ЗАКАЗЧИК:
B6: ___________/ | D6: ___________/С.И. Ярков | P6: ___________/С.И. Ярков
E8: Ведомость материалов
E9: Устройство системы домофонии. ГП-75
A11: № | B11: Наименование | C11: Марка | D11: Характеристика | E11: Ед. изм. | F11: 75.1 | G11: 75.2 | H11: 75.3 | I11: 75.4 | J11: 75.5 | K11: 75.6 | L11: 75.7 | M11: 75.8 | N11: Кол-во | O11: Цена | P11: Сумма | Q11: Примечание | R11: Форма закупа материала
A12: 11 | B12: Внутренние инженерные сети
A13: 11.11 | B13: Устройство домофонии
B14: Кабель тип 1 | D14: Кабель витая пара U/UTP U/U-5e-BC04-048-PVC-GR-305-RQcat. 5E 4х2х0.48 мм, для внутренней прокладки, одножильный, PVC. | E14: м. | F14: 3292.5 | G14: 2645 | H14: 3196 | I14: 1297.6 | J14: 1312 | K14: 3237.4 | L14: 2536 | M14: 2518.4 | N14: =SUM(F14:M14) -> 20034.9 | P14: =O14*N14 -> 0
B15: Кабель тип 2 | D15: Кабель силовой ВВГнг(А)-LS 3х2.5 сечение жилы 2.5 мм², количество жил: 3 шт., номинальное напряжение: 660В. | E15: м. | F15: 35 | G15: 17 | H15: 30 | I15: 25 | J15: 15 | K15: 28 | L15: 15 | M15: 30 | N15: =SUM(F15:M15) -> 195 | P15: =O15*N15 -> 0
B16: Кабель тип 3 | D16: Кабель монтажный МКШнг(А)-LS 2х0.75 2х жильный, не распротраняющий горение при прокладке в пучке, с нормиованным дымовыделением, конструкция жилы многопроволочная, напряжение 500В. | E16: м. | F16: 152 | G16: 152 | H16: 152 | I16: 152 | J16: 152 | K16: 152 | L16: 152 | M16: 152 | N16: =SUM(F16:M16) -> 1216 | P16: =O16*N16 -> 0
B17: Кабель тип 4 | D17: Сигнальный кабель КСПВГ 4х0,20 гибкий, 4 жилы медь, ПВХ. | E17: м. | F17: 40 | G17: 32 | H17: 32 | I17: 32 | J17: 32 | K17: 32 | L17: 32 | M17: 40 | N17: =SUM(F17:M17) -> 272 | P17: =O17*N17 -> 0
B18: Кабель тип 5 | D18: Кабель витая пара U/UTP BC1-C5E04-128-305-G cat. 5E 4х2х0.48 мм, для внутренней прокладки, одножильный, LSZH. | E18: м. | F18: 0 | G18: 0 | H18: 0 | I18: 80 | J18: 0 | K18: 0 | L18: 0 | M18: 0 | N18: =SUM(F18:M18) -> 80 | P18: =O18*N18 -> 0
B19: Кабель тип 6 | D19: Кабель оптический ОКСЛНГ(А)-HF-М2П-А4-2.7 негорючий, для прокладки в канализацию, 4 одномод. волокона G.652.D/G.657.A. | E19: м. | F19: 210 | G19: 150 | H19: 90 | I19: 0 | J19: 90 | K19: 150 | L19: 210 | M19: 270 | N19: =SUM(F19:M19) -> 1170 | P19: =O19*N19 -> 0
B20: Труба тип 1 | D20: Труба гофрированная ПВХ CTG20-20-K41-100I д.20мм с протяжкой | E20: м. | F20: 405 | G20: 327 | H20: 280 | I20: 185 | J20: 265 | K20: 338 | L20: 385 | M20: 460 | N20: =SUM(F20:M20) -> 2645 | P20: =O20*N20 -> 0
B21: Труба тип 2 | D21: Труба ПНД гладкая жесткая tpndg-20 д.20мм., черная | E21: м. | F21: 8 | G21: 8 | H21: 8 | I21: 8 | J21: 8 | K21: 8 | L21: 8 | M21: 8 | N21: =SUM(F21:M21) -> 64 | P21: =O21*N21 -> 0
B22: Труба тип 3 | D22: Труба гофрированная ПП (артикул 15-0505) д.4,6мм., разрезная, бухтa 5 м/уп. | E22: м. | F22: 1.5 | G22: 1.2 | H22: 1.2 | I22: 1.2 | J22: 1.2 | K22: 1.2 | L22: 1.2 | M22: 1.5 | N22: =SUM(F22:M22) -> 10.2 | P22: =O22*N22 -> 0
B23: Труба тип 4 | D23: Гофрированная труба ПНД D16мм. PR02.0122 лёгкая 350 Н безгалогенная HF стойкая к ультрафиолету черная с/з | E23: м. | F23: 2506 | G23: 1988 | H23: 2553 | I23: 885.6 | J23: 900 | K23: 2594.4 | L23: 1914 | M23: 1889.4 | N23: =SUM(F23:M23) -> 15230.4 | P23: =O23*N23 -> 0
B24: Труба тип 5 | D24: Труба гофрированная ПВХ D-25мм CTG20-25-K41-050I с зондом | E24: м. | F24: 39.1 | G24: 32.3 | H24: 39.1 | I24: 30.6 | J24: 30.6 | K24: 39.1 | L24: 32.3 | M24: 28.9 | N24: =SUM(F24:M24) -> 272 | P24: =O24*N24 -> 0
B25: Прочие материалы:
B26: Дюбель с шурупом 8х50 (артикул 102310) диаметр отверстия под дюбель 8мм. | E26: шт. | F26: 4 | G26: 4 | H26: 4 | I26: 0 | J26: 4 | K26: 4 | L26: 4 | M26: 4 | N26: =SUM(F26:M26) -> 28 | P26: =O26*N26 -> 0
B27: Крепежный комплект ITK-HP-15 винт, шайба, гайка.(1 комплект) | E27: шт. | F27: 48 | G27: 48 | H27: 48 | I27: 60 | J27: 48 | K27: 48 | L27: 48 | M27: 48 | N27: =SUM(F27:M27) -> 396 | P27: =O27*N27 -> 0
B28: Крепеж-клипса PR13.0120 для труб д.20мм., для монтажного пистолета, серая | E28: шт. | F28: 810 | G28: 654 | H28: 560 | I28: 370 | J28: 530 | K28: 676 | L28: 770 | M28: 920 | N28: =SUM(F28:M28) -> 5290 | P28: =O28*N28 -> 0
B29: Усиленный дюбель-гвоздь 30519stepEGBP по бетону, металлу, кирпичу тип CN 15; диаметр 3.05 мм, длина 19 мм; усиленный, гальванизированный. Упаковка 1000 шт. | E29: шт. | F29: 15574.5 | G29: 12362 | H29: 15050 | I29: 5698 | J29: 5930 | K29: 15373 | L29: 11984 | M29: 12036 | N29: =SUM(F29:M29) -> 94007.5 | P29: =O29*N29 -> 0
B30: Коробка распределительная (артикул 60-0210) для прямого монтажа двухкомпонентная безгалогенная (HF) 80х80х40 УХЛ1 | E30: шт. | F30: 1 | G30: 1 | H30: 1 | I30: 1 | J30: 1 | K30: 1 | L30: 1 | M30: 1 | N30: =SUM(F30:M30) -> 8 | P30: =O30*N30 -> 0
B31: Клемма соединительная DIY YOU PCT-2133 контакта, сечение провода 0.75-2.5 мм² | E31: шт. | F31: 3 | G31: 3 | H31: 3 | I31: 3 | J31: 3 | K31: 3 | L31: 3 | M31: 3 | N31: =SUM(F31:M31) -> 24 | P31: =O31*N31 -> 0
B32: Нейлоновая хомут-стяжка 3,6х200 черный, 100 шт G/1/4 | E32: пч. | F32: 1 | G32: 1 | H32: 1 | I32: 1 | J32: 1 | K32: 1 | L32: 1 | M32: 1 | N32: =SUM(F32:M32) -> 8 | P32: =O32*N32 -> 0
B33: Дюбель хомут 5х10 дхч510 для крепления кабеля цвет-чёрный | E33: шт. | F33: 1154 | G33: 916 | H33: 892 | I33: 496 | J33: 496 | K33: 892 | L33: 856 | M33: 884 | N33: =SUM(F33:M33) -> 6586 | P33: =O33*N33 -> 0
B34: Установочная коробка IMT351011 для сплошных стен, размеры 68(65)X60 мм. | E34: шт. | F34: 179 | G34: 142 | H34: 138 | I34: 72 | J34: 72 | K34: 138 | L34: 132 | M34: 134 | N34: =SUM(F34:M34) -> 1007 | P34: =O34*N34 -> 0
B35: Металлическая однолапковая скоба СМО 25-26 PR08.2536 оцинкованная | E35: шт. | F35: 97.75 | G35: 80.75 | H35: 97.75 | I35: 76.5 | J35: 76.5 | K35: 97.75 | L35: 80.75 | M35: 72.25 | N35: =SUM(F35:M35) -> 680 | P35: =O35*N35 -> 0
B36: Кабель-канал (артикул 76002-2) самозатухающий ПВХ с крышкой, белый, 100х55х2000мм | E36: м. | F36: 2 | G36: 2 | H36: 2 | I36: 4 | J36: 2 | K36: 2 | L36: 2 | M36: 2 | N36: =SUM(F36:M36) -> 18 | P36: =O36*N36 -> 0
B37: Наконечник (артикул 79436) НШВИ 0,75-8 | E37: шт. | F37: 48 | G37: 32 | H37: 32 | I37: 32 | J37: 32 | K37: 32 | L37: 32 | M37: 48 | N37: =SUM(F37:M37) -> 288 | P37: =O37*N37 -> 0
B38: Наконечник (артикул 79462) НШВИ2 0,75-8 | E38: шт. | F38: 36 | G38: 24 | H38: 24 | I38: 24 | J38: 24 | K38: 24 | L38: 24 | M38: 36 | N38: =SUM(F38:M38) -> 216 | P38: =O38*N38 -> 0
A39: 11.11.02 | B39: Установка оборудования
A40: 11.11.02.00. | B40: Установка оборудования
B41: Вызывная панель тип 1 | D41: IP Вызывная панель Akuvox R28A IW | E41: шт. | F41: 1 | G41: 1 | H41: 1 | I41: 1 | J41: 1 | K41: 1 | L41: 1 | M41: 1 | N41: =SUM(F41:M41) -> 8 | P41: =O41*N41 -> 0
B42: Вызывная панель тип 2 | D42: IP Вызывная панель Akuvox X912S TFT LCD сенсорный 4 дюйма, доступ по: распознаванию лица, PIN, NFC, RFID карта, BLE, QR-код, мобильное приложение Smart Plus. (Сенсорная клавиатура) | E42: шт. | F42: 1 | G42: 1 | H42: 1 | I42: 1 | J42: 1 | K42: 1 | L42: 1 | M42: 1 | N42: =SUM(F42:M42) -> 8 | P42: =O42*N42 -> 0
B43: Терминал контроля доступа тип 1 | D43: IP Терминал СКУД Akuvox A01S доступ по: NFC, RFID карта, мобильное приложение Smart Plus. | E43: шт. | F43: 2 | G43: 2 | H43: 2 | I43: 2 | J43: 2 | K43: 2 | L43: 2 | M43: 2 | N43: =SUM(F43:M43) -> 16 | P43: =O43*N43 -> 0
B44: Микроволновый радар-детектор DL6 (EAGLE 6) питание 12В, температура эксплуатации -20°С +55°С, максимальная высота установки 3м. | E44: шт. | F44: 2 | G44: 2 | H44: 2 | I44: 2 | J44: 2 | K44: 2 | L44: 2 | M44: 2 | N44: =SUM(F44:M44) -> 16 | P44: =O44*N44 -> 0
B45: Замок электромагнитный | D45: Электромагнитный замок М2-400 серый 400кг удержания, 12 В/0,4 А, 190х55х35мм, уголок в комплекте, цвет серый, отсек для контроллера Z-5R | E45: шт. | F45: 4 | G45: 4 | H45: 4 | I45: 4 | J45: 4 | K45: 4 | L45: 4 | M45: 4 | N45: =SUM(F45:M45) -> 32 | P45: =O45*N45 -> 0
B46: Кнопка выхода врезная DR-04 бесконтактная (с ИК датчиком), металлическая, с подсветкой, Н.О./Н.З., 12В, 40мА, -30...+55℃, IP44, 115х70х30 мм | E46: шт. | F46: 2 | G46: 2 | H46: 2 | I46: 2 | J46: 2 | K46: 2 | L46: 2 | M46: 2 | N46: =SUM(F46:M46) -> 16 | P46: =O46*N46 -> 0
B47: Кнопка выхода накладная DR-03 сенсорная, пластиковая, 12В, контакты Н.О./ Н.З., -40 - +50℃, IP44, 86х50х20мм. | E47: шт. | F47: 2 | G47: 2 | H47: 2 | I47: 2 | J47: 2 | K47: 2 | L47: 2 | M47: 2 | N47: =SUM(F47:M47) -> 16 | P47: =O47*N47 -> 0
B48: Настенный шкаф 19" LWR3-18U66-MF LINEA W 18U 600х600мм дверь металл серый, тип боковой стенки съемная с замком. | E48: шт. | F48: 1 | G48: 1 | H48: 1 | I48: 0 | J48: 1 | K48: 1 | L48: 1 | M48: 1 | N48: =SUM(F48:M48) -> 7 | P48: =O48*N48 -> 0
B49: Напольный шкаф 19" (2 двери.)LN05-24U66-M LINEA N 24U 600х600мм металлическая передняя дверь черный, тип боковой стенки съемная с замком. | E49: шт. | F49: 0 | G49: 0 | H49: 0 | I49: 1 | J49: 0 | K49: 0 | L49: 0 | M49: 0 | N49: =SUM(F49:M49) -> 1 | P49: =O49*N49 -> 0
B50: Коммутатор управляемый L3 OS6112F 12 портов 10G SFP+ | E50: шт. | F50: 0 | G50: 0 | H50: 0 | I50: 1 | J50: 0 | K50: 0 | L50: 0 | M50: 0 | N50: =SUM(F50:M50) -> 1 | P50: =O50*N50 -> 0
B51: Коммутатор управляемый L3 с PoE OS3228P 24x1000Base-T PoE+, 4x10G SFP+, PoE-бюджет 370 Вт, PoE до 250 м | E51: шт. | F51: 1 | G51: 1 | H51: 1 | I51: 1 | J51: 1 | K51: 1 | L51: 1 | M51: 1 | N51: =SUM(F51:M51) -> 8 | P51: =O51*N51 -> 0
B52: Кабель прямого подключения XS+DA0001 разъемы SFP28 - SFP28, длина 1м | E52: шт. | F52: 0 | G52: 0 | H52: 0 | I52: 2 | J52: 0 | K52: 0 | L52: 0 | M52: 0 | N52: =SUM(F52:M52) -> 2 | P52: =O52*N52 -> 0
B53: Маршрутизатор RB4011iGS+RM оснащён 10 гигабитными портами Ethernet и портом SFP+ 10G. | E53: шт. | F53: 0 | G53: 0 | H53: 0 | I53: 1 | J53: 0 | K53: 0 | L53: 0 | M53: 0 | N53: =SUM(F53:M53) -> 1 | P53: =O53*N53 -> 0
B54: Коммутатор управляемый L2 OS1326 управляемый L2 24x100Base-TX, 1x1000Base-T, 1xCombo 1000Base-T/SFP. | E54: шт. | F54: 1 | G54: 1 | H54: 1 | I54: 1 | J54: 1 | K54: 1 | L54: 1 | M54: 1 | N54: =SUM(F54:M54) -> 8 | P54: =O54*N54 -> 0
B55: Патч-панель наборная 19" PP24-1UMU 1U, для установки до 24 модулей Keystone. | E55: шт. | F55: 1 | G55: 1 | H55: 1 | I55: 1 | J55: 1 | K55: 1 | L55: 1 | M55: 1 | N55: =SUM(F55:M55) -> 8 | P55: =O55*N55 -> 0
B56: Модуль Keystone CS1-1C5EU-12 Модуль Keystone Jack кат.5E UTP 110 IDC 180град | E56: шт. | F56: 24 | G56: 24 | H56: 24 | I56: 24 | J56: 24 | K56: 24 | L56: 24 | M56: 24 | N56: =SUM(F56:M56) -> 192 | P56: =O56*N56 -> 0
B57: Блок розеток 19" TLК-RS07M-C25-BK горизонтальный, 7 розеток Schuko, автоматический выключатель 25A. | E57: шт. | F57: 1 | G57: 1 | H57: 1 | I57: 1 | J57: 1 | K57: 1 | L57: 1 | M57: 1 | N57: =SUM(F57:M57) -> 8 | P57: =O57*N57 -> 0
... B70: Оптический кросс 19" SNR-ODF-24R-8SC-P 1U, укомплектованный на 8 портов SC/UPC. | E70: шт. | F70: 1 | G70: 1 | H70: 1 | I70: 0 | J70: 1 | K70: 1 | L70: 1 | M70: 1 | N70: =SUM(F70:M70) -> 7 | P70: =O70*N70 -> 0
B71: Оптический кросс 19" SNR-ODF-24R-16SC-P 1U, укомплектованный на 16 портов SC/UPC. | E71: шт. | I71: 1 | N71: =SUM(F71:M71) -> 1 | P71: =O71*N71 -> 0
B72: Шнур волоконно-оптический NMF-PC1S2C2-SCU-LCU-001 одномодовый 9/125мкм, стандарта OS2, SC/UPC-LC/UPC, одинарный, LSZH нг(A)-HFLTx, 2мм, желтый, 1м. | E72: шт. | F72: 2 | G72: 2 | H72: 2 | I72: 2 | J72: 2 | K72: 2 | L72: 2 | M72: 2 | N72: =SUM(F72:M72) -> 16 | P72: =O72*N72 -> 0
B73: Одноволоконный оптический модуль 10GB OFM436XT-BXD WDM трансивер SFP+ 10GBase-BX-D, Tx:1330 нм, Rx:1270 нм, одномод, до 20 км | E73: шт. | F73: 1 | G73: 1 | H73: 1 | I73: 0 | J73: 1 | K73: 1 | L73: 1 | M73: 1 | N73: =SUM(F73:M73) -> 7 | P73: =O73*N73 -> 0
B74: Одноволоконный оптический модуль 10GB OFM436XT-BXU WDM трансивер SFP+ 10GBase-BX-U, Tx:1270 нм, Rx:1330 нм, одномод, до 20 км | E74: шт. | F74: 1 | G74: 1 | H74: 1 | I74: 0 | J74: 1 | K74: 1 | L74: 1 | M74: 1 | N74: =SUM(F74:M74) -> 7 | P74: =O74*N74 -> 0
B75: Реле HHC68A-4Z-12D 12VDC/10A/240VAC 4PDT (4 переключения) | E75: шт. | F75: 1 | G75: 1 | H75: 1 | I75: 1 | J75: 1 | K75: 1 | L75: 1 | M75: 1 | N75: =SUM(F75:M75) -> 8 | P75: =O75*N75 -> 0
B76: Колодка реле PTF14A на DIN-рейку (4 переключения) | E76: шт. | F76: 1 | G76: 1 | H76: 1 | I76: 1 | J76: 1 | K76: 1 | L76: 1 | M76: 1 | N76: =SUM(F76:M76) -> 8 | P76: =O76*N76 -> 0
B77: Коммутатор тип 1 | D77: Тюменский коммутатор с защитой коммутации Т1008 8*10/100M PoE 120Вт IEEE 802.3af/at,+2*10/100M uplink RJ45. | E77: шт. | F77: 22 | G77: 19 | H77: 23 | I77: 0 | J77: 0 | K77: 23 | L77: 19 | M77: 17 | N77: =SUM(F77:M77) -> 123 | P77: =O77*N77 -> 0
B78: Коммутатор тип 2 | D78: Тюменский коммутатор с защитой коммутации Т1004 4*10/100M PoE 60Вт IEEE 802.3af/at,+2*10/100M uplink RJ45. | E78: шт. | F78: 1 | G78: 0 | H78: 0 | I78: 19 | J78: 18 | K78: 0 | L78: 0 | M78: 0 | N78: =SUM(F78:M78) -> 38 | P78: =O78*N78 -> 0
B79: Монитор | D79: IP монитор Akuvox S562 7-дюймовый сенсорный TFT LCD 1024x600 | E79: шт. | F79: 179 | G79: 142 | H79: 138 | I79: 72 | J79: 72 | K79: 138 | L79: 132 | M79: 134 | N79: =SUM(F79:M79) -> 1007 | P79: =O79*N79 -> 0
B80: Бесконтактный брендированный ключ RFID чип SMARTTAG, кодировка для Akuvox, адаптация реестра UID и клиента для загрузки шаблоном в БД, нумерация ключа строго по базе, стикер с номером квартир на каждом ключе | E80: шт. | F80: 537 | G80: 426 | H80: 414 | I80: 216 | J80: 216 | K80: 414 | L80: 396 | M80: 402 | N80: =SUM(F80:M80) -> 3021 | P80: =O80*N80 -> 0
B81: Лента оцинкованная (артикул 43749) 20х0.5мм (упаковка 50м.) | E81: м. | F81: 628.9 | G81: 499.4 | H81: 640.65 | I81: 223.8 | J81: 227.4 | K81: 651 | L81: 480.9 | M81: 474.75 | N81: =SUM(F81:M81) -> 3826.8 | P81: =O81*N81 -> 0
B82: Встраиваемый 4G роутер c LTE модемом TANDEM-4G12-OEM-1 Cat.12, PoE и Gigabit Ethernet, питание по стандарту IEEE 802.3af PoE PD и пассивный Passive 48В. | E82: шт. | F82: 0 | G82: 0 | H82: 0 | I82: 1 | J82: 0 | K82: 0 | L82: 0 | M82: 0 | N82: =SUM(F82:M82) -> 1 | P82: =O82*N82 -> 0
B83: Панельная антенна AGATA-2 MIMO 4x4 BOX (Выход с PG7) с герметичным боксом для 3G/4G модема (Выход с PG7) | E83: шт. | F83: 0 | G83: 0 | H83: 0 | I83: 1 | J83: 0 | K83: 0 | L83: 0 | M83: 0 | N83: =SUM(F83:M83) -> 1 | P83: =O83*N83 -> 0
B84: Кронштейн для установки антенн (артикул 34-0861) выполнен в Г-образной форме. | E84: шт. | F84: 0 | G84: 0 | H84: 0 | I84: 1 | J84: 0 | K84: 0 | L84: 0 | M84: 0 | N84: =SUM(F84:M84) -> 1 | P84: =O84*N84 -> 0
B85: Устройство мониторинга за состоянием сетевых инфраструктур Super Vision (P) до 1000 IP-устройств. | E85: шт. | F85: 0 | G85: 0 | H85: 0 | I85: 2 | J85: 0 | K85: 0 | L85: 0 | M85: 0 | N85: =SUM(F85:M85) -> 2 | P85: =O85*N85 -> 0
B86: Коммутационный шнур PC08-C5EUL-1M5-SL-WT Коммутационный шнур (патч-корд) кат.5E UTP LSZH 1,5м slim колпачок с язычком белый | E86: шт. | F86: 0 | G86: 0 | H86: 0 | I86: 2 | J86: 0 | K86: 0 | L86: 0 | M86: 0 | N86: =SUM(F86:M86) -> 2 | P86: =O86*N86 -> 0
B87: Прочие материалы:
B88: Комплект для врезного монтажа вызывной панели Akuvox R28A IW | E88: шт. | F88: 1 | G88: 1 | H88: 1 | I88: 1 | J88: 1 | K88: 1 | L88: 1 | M88: 1 | N88: =SUM(F88:M88) -> 8 | P88: =O88*N88 -> 0
B89: Комплект для врезного монтажа вызывной панели X912S | E89: шт. | F89: 1 | G89: 1 | H89: 1 | I89: 1 | J89: 1 | K89: 1 | L89: 1 | M89: 1 | N89: =SUM(F89:M89) -> 8 | P89: =O89*N89 -> 0
B90: Резьбовая усиленная шпилька GTR-6881000 8x1000 цинк, DIN 975, класс прочности 6,8 | E90: шт. | F90: 2.4 | G90: 2.4 | H90: 2.4 | I90: 2.4 | J90: 2.4 | K90: 2.4 | L90: 2.4 | M90: 2.4 | N90: =SUM(F90:M90) -> 19.2 | P90: =O90*N90 -> 0
B91: Самоконтрящаяся гайка с фланцем нейлон ZA518552М8 8.0 DIN 6926 оц. | E91: шт. | F91: 16 | G91: 16 | H91: 16 | I91: 16 | J91: 16 | K91: 16 | L91: 16 | M91: 16 | N91: =SUM(F91:M91) -> 128 | P91: =O91*N91 -> 0
B92: Квадратный подрозетник A01-86 для кирпича и бетона/для сплошных стен, размер 86x84x50мм. | E92: шт. | F92: 2 | G92: 2 | H92: 2 | I92: 2 | J92: 2 | K92: 2 | L92: 2 | M92: 2 | N92: =SUM(F92:M92) -> 16 | P92: =O92*N92 -> 0
B93: Коннектор EC-UP8P8C-5E-003-TR-1000 RJ45/8P8C, категория 5e | E93: шт. | F93: 389 | G93: 311 | H93: 307 | I93: 172 | J93: 170 | K93: 307 | L93: 291 | M93: 293 | N93: =SUM(F93:M93) -> 2240 | P93: =O93*N93 -> 0
B94: Заклепка резьбовая CN10 шестигранная с плоским бортом М6 L15,0 | E94: шт. | F94: 8 | G94: 8 | H94: 8 | I94: 8 | J94: 8 | K94: 8 | L94: 8 | M94: 8 | N94: =SUM(F94:M94) -> 64 | P94: =O94*N94 -> 0
B95: Болт М6х25 (артикул 3100548) оцинкованный с внутренним шестигранником, класс прочности 8.8, DIN 912 | E95: шт. | F95: 8 | G95: 8 | H95: 8 | I95: 8 | J95: 8 | K95: 8 | L95: 8 | M95: 8 | N95: =SUM(F95:M95) -> 64 | P95: =O95*N95 -> 0
A96: 11.11.03 | B96: Вертикальные стояки
B97: Кабель тип 1 | D97: Витая пара U/UTP BC1-C5E02-128-305-G cat. 5E 2х2х0.48 мм, для внутренней прокладки, одножильный, LSZH. | E97: м. | F97: 989 | G97: 893 | H97: 1035 | I97: 729 | J97: 711 | K97: 1058 | L97: 969 | M97: 561 | N97: =SUM(F97:M97) -> 6945 | P97: =O97*N97 -> 0
B98: Кабель тип 2 | D98: Кабель силовой ВВГнг(А)-LS 3х2.5 сечение жилы 2.5 мм², количество жил: 3 шт., номинальное напряжение: 660В. | E98: м. | F98: 103.6 | G98: 96.8 | H98: 106.8 | I98: 88.8 | J98: 87.8 | K98: 107.8 | L98: 100.8 | M98: 77.4 | N98: =SUM(F98:M98) -> 769.8 | P98: =O98*N98 -> 0
B99: Труба тип 1 | D99: Труба гофрированная ПВХ CTG20-20-K41-100I д.20мм с протяжкой | E99: м. | F99: 103.6 | G99: 96.8 | H99: 106.8 | I99: 88.8 | J99: 87.8 | K99: 107.8 | L99: 100.8 | M99: 77.4 | N99: =SUM(F99:M99) -> 769.8 | P99: =O99*N99 -> 0
B100: Труба тип 2 | D100: Труба ПВХ гладкая жесткая CTR10-050-K41-015I д.50мм. серая (3м), толщина стенки 2мм. | E100: м. | F100: 72 | G100: 60 | H100: 72 | I100: 57 | J100: 57 | K100: 72 | L100: 60 | M100: 54 | N100: =SUM(F100:M100) -> 504 | P100: =O100*N100 -> 0
B101: Труба тип 3 | D101: Труба гофрированная ПВХ Plast tg-z-50 д.50мм тяжелая с протяжкой | E101: м. | F101: 6 | G101: 16 | H101: 5 | I101: 8 | J101: 7 | K101: 6 | L101: 20 | M101: 5 | N101: =SUM(F101:M101) -> 73 | P101: =O101*N101 -> 0
B102: Прочие материалы:
B103: Скоба металлическая однолапковая СМО 19-20 PR08.2534 оцинкованная | E103: шт. | F103: 207.2 | G103: 193.6 | H103: 213.6 | I103: 177.6 | J103: 175.6 | K103: 215.6 | L103: 201.6 | M103: 154.8 | N103: =SUM(F103:M103) -> 1539.6 | P103: =O103*N103 -> 0
B104: Коробка распределительная (артикул 60-0210) для прямого монтажа двухкомпонентная безгалогенная (HF) 80х80х40 УХЛ1 | E104: шт. | F104: 24 | G104: 20 | H104: 24 | I104: 19 | J104: 19 | K104: 24 | L104: 20 | M104: 18 | N104: =SUM(F104:M104) -> 168 | P104: =O104*N104 -> 0
B105: Муфта труба-труба для труб ПВХ CTA10MP-GIG50-K41-010 д.50мм GIG с ограничителем | E105: шт. | F105: 24 | G105: 20 | H105: 24 | I105: 19 | J105: 19 | K105: 24 | L105: 20 | M105: 18 | N105: =SUM(F105:M105) -> 168 | P105: =O105*N105 -> 0
B106: Скоба металлическая двухлапковая СМД 48-50 д.48-50, размер крепежного отверстия, 9х6мм., оцинкованная сталь | E106: шт. | F106: 156 | G106: 152 | H106: 154 | I106: 130 | J106: 128 | K106: 156 | L106: 160 | M106: 118 | N106: =SUM(F106:M106) -> 1154 | P106: =O106*N106 -> 0
B107: Клемма соединительная DIY YOU PCT-2133 контакта, сечение провода 0.75-2.5 мм² | E107: шт. | F107: 72 | G107: 60 | H107: 72 | I107: 57 | J107: 57 | K107: 72 | L107: 60 | M107: 54 | N107: =SUM(F107:M107) -> 504 | P107: =O107*N107 -> 0
B108: Дюбель-гвоздь 6x40 потайная манжета полипропилен | E108: шт. | F108: 707.2 | G108: 653.6 | H108: 709.6 | I108: 585.6 | J108: 579.6 | K108: 715.6 | L108: 677.6 | M108: 530.8 | N108: =SUM(F108:M108) -> 5159.6 | P108: =O108*N108 -> 0
B109: Итого по материалам | P109: =SUM(P14:P108) -> 0
B111: Примечание:
A112: - | B112: В случае, если один из перечисленных прочих материалов не был использован по факту при производстве работ, заказчик вправе откорректировать процент расходных материалов в актах выполненных работ (формы КС-2, КС-3), уменьшив на сумму исключенного материала.
A113: - | B113: Стоимость СМР учитывает - затраты на все второстепенные материалы и работы необходимые для осуществления полного комплекса работ, включая затраты: обеспечение технической водой для производства работ и бытовых целей; на мобилизацию, аренду и эксплуатацию всех необходимых механизмов, оборудования и инструментов, бытовых помещений и биотуалетов; на подъем материалов и разноску по этажам к местам производства работ; выполнение сопутствующих работ; вывоз мусора; накладные расходы, прибыль организации, налоги и иные издержки Подрядчика. Обеспечение безопасного производства работ на участке.
A114: - | B114: Стоимость материалов учитывает стоимость доставки.
